 Dungeon Crawl Stone Soup version 0.26-a0-663-g36e8fdb655 (webtiles) character file.

Game seed: 12548470565722260780

8722 Misha the Spear-Bearer (level 11, -7/83 HPs)
             Began as a Merfolk Gladiator on Oct 12, 2020.
             Was a High Priest of Okawaru.
             Mangled by Snorg (12 damage)
             ... on level 10 of the Dungeon.
             The game lasted 00:23:58 (11549 turns).

Misha the Spear-Bearer (Merfolk Gladiator)         Turns: 11549, Time: 00:23:59

Health: -7/83      AC:  9    Str: 17    XL:     11   Next: 35%
Magic:  15/17      EV: 22    Int:  9    God:    Okawaru [*****.]
Gold:   277        SH: 14    Dex: 16    Spells: 10/10 levels left

rFire    + . .     SeeInvis .   a - +1 trident
rCold    . . .     Faith    .   n - +1 kite shield
rNeg     . . .     Spirit   .   G - +0 troll leather armour
rPois    .         Reflect  .   (helmet restricted)
rElec    .         Harm     .   c - +0 cloak
rCorr    .         Rampage  .   r - +0 pair of gloves
MR       .....                  (no boots)
Stlth    +++++.....             C - amulet of regeneration
HPRegen  1.03/turn              f - ring of stealth
MPRegen  0.15/turn              o - ring of the Octopus King {rF+ AC+1 EV+1 Str+1 Int+1 Dex+1}

@: lethally poisoned (-7 -> -8), heroism, slowed, studying Shields, very slow
A: change form in water, swift swim, stealthy swim, horns 1, clumsy 1
a: Heroism, Finesse, Renounce Religion


You were on level 10 of the Dungeon.
You worshipped Okawaru.
Okawaru was extremely pleased with you.
You visited 2 branches of the dungeon, and saw 11 of its levels.
You also visited: Ossuary.

You collected 811 gold pieces.
You spent 534 gold pieces at shops.

Inventory:

Hand Weapons
 a - a +1 trident (weapon)
Missiles
 d - 2 throwing nets
 j - 49 poisoned darts (quivered)
 p - 25 boomerangs
 E - 6 silver boomerangs
 L - 3 curare-tipped darts
Armour
 c - a +0 cloak (worn)
 n - a +1 kite shield (worn)
 r - a +0 pair of gloves (worn)
 G - a +0 troll leather armour (worn)
Jewellery
 f - a ring of stealth (left hand)
 i - an uncursed amulet of reflection
 o - a ring of the Octopus King (right hand) {rF+ AC+1 EV+1 Str+1 Int+1 Dex+1}
   (You found it on level 8 of the Dungeon)

   [ring of protection from fire]

   It affects your AC (+1).
   It affects your evasion (+1).
   It affects your strength (+1).
   It affects your intelligence (+1).
   It affects your dexterity (+1).
   It protects you from fire.
 u - an uncursed ring of magical power
 B - an uncursed ring of flight
 C - an amulet of regeneration (around neck)
Wands
 l - a wand of flame (34)
 z - a wand of acid (3)
 H - a wand of polymorph (5)
 I - a wand of iceblast (10)
 J - a wand of random effects (12)
Scrolls
 h - 4 scrolls of teleportation
 k - 9 scrolls of remove curse
 q - 18 scrolls of identify
 y - 4 scrolls of blinking
 A - a scroll of magic mapping
Potions
 b - 2 potions of ambrosia
 e - 2 potions of flight {unknown}
 g - 6 potions of curing
 m - a potion of mutation
 s - a potion of stabbing {unknown}
 t - a potion of haste {unknown}
 v - 3 potions of heal wounds
 w - 2 potions of resistance {unknown}
 x - a potion of brilliance {unknown}
 D - 2 potions of lignification {unknown}
Books
 F - a manual of Shields
Miscellaneous
 K - a box of beasts (3/3)


   Skills:
 + Level 6.4(11.4) Fighting
 + Level 12.9(17.9) Polearms
 + Level 2.7(7.7) Throwing
 + Level 4.0(9.0) Armour
 + Level 7.8(12.8) Dodging
 + Level 5.7(10.7) Stealth
 + Level 7.7(12.7) Shields
 * Level 8.0 Invocations


You had 10 spell levels left.
You didn't know any spells.
Your spell library contained the following spells:

 Spells                   Type           Power        Failure   Level
 Corpse Rot               Necr/Air       N/A          67%         2
 Sublimation of Blood     Necr           #.........   67%         2
 Confusing Touch          Hex            #.......     88%         3
 Gell's Gravitas          Tloc           #.........   88%         3
 Dispel Undead            Necr           #.......     99%         4
 Petrify                  Tmut/Erth      #.......     99%         4
 Agony                    Necr           #.......     100%        5
 Excruciating Wounds      Necr           #.........   100%        5
 Irradiate                Conj/Tmut      #.........   100%        5
 Metabolic Englaciation   Hex/Ice        #.........   100%        5
 Yara's Violent Unravell  Hex/Tmut       #.........   100%        5
 Hydra Form               Tmut           #.........   100%        6
 Statue Form              Tmut/Erth      #........    100%        6
 Dragon Form              Tmut           #.........   100%        7


Dungeon Overview and Level Annotations

Branches:
Dungeon (10/15)            Temple (1/1) D:6             Orc (0/2) D:9
Ossuary (visited)
   Lair: D:8-11

Altars:
Ashenzari
Cheibriados
Dithmenos
Elyvilon
Fedhas
Gozag
Hepliaklqana
Kikubaaqudgha
Makhleb
Nemelex Xobeh
Okawaru
Qazlal
Ru
Sif Muna
Trog
Uskayaw
Vehumet
Wu Jian
Xom
Yredelemnul
Zin
The Shining One

Shops:
D:4 ?   D:5 !   D:6 =   D:7 (   D:9 *

Annotations:
D:10 Maurice, Snorg


Innate Abilities, Weirdness & Mutations

You revert to your normal form in water.
You are very nimble and swift while swimming.
You are very stealthy in the water. (Stealth+)
You have a pair of small horns on your head.
You are clumsy. (Dex -2)


Message History

Snorg is heavily wounded.
Snorg closely misses you. Snorg claws you. x2
* * * LOW HITPOINT WARNING * * *
A curare-tipped dart appears from out of thin air!
The curare-tipped dart barely misses you.
You block Snorg's attack. Snorg closely misses you. You block Snorg's attack.
You feel much better.
You feel sick. Snorg misses you.
You block Snorg's attack. x2; Snorg closely misses you.
Snorg claws you! x2
* * * LOW HITPOINT WARNING * * *
Unknown command.
You gain the combat prowess of a mighty hero.
You feel sick. Snorg misses you. Snorg claws you but does no damage.
You block Snorg's attack. x2; Snorg claws you!
* * * LOW HITPOINT WARNING * * *
Snorg barely misses you.
Unknown command.
You hit Snorg.
Snorg is heavily wounded.
You block Snorg's attack. Snorg claws you!
You die...

.## # ..# ## #.# #. #.##
##. #..# ##.. .. ###..#
#..# ....##....## ##..#
......†.T(.# #..##
........@..## ##.#..
#........(..########.....
###########....#))......)
#......)........
##..#...)........
#..###......).... ##..#
#........... ##..##
##.......... ##..##
#.........)


You could see Snorg (berserk).

Vanquished Creatures
  A centaur warrior (D:8)
  Pikel (D:5)
  2 gargoyles
  3 trolls
  Grinder (D:4)
  Sigmund (D:5)
  A wyvern (D:8)
  Menkaure (Ossuary)
  A water moccasin (D:8)
  3 orc warriors
  4 sky beasts
  3 ice beasts (D:8)
  3 centaurs (D:8)
  9 ogres
  3 phantoms
  A big kobold (D:7)
  7 bullfrogs
  A wyvern skeleton (D:8)
  2 scorpions
  12 wights
  3 howler monkeys
  A crimson imp (D:6)
  4 centaur zombies (Ossuary)
  5 hounds
  A jelly (D:8)
  10 orc priests
  8 orc wizards
  Crazy Yiuf (D:5)
  A gnoll shaman (D:7)
  2 bullfrog skeletons
  Ijyb (D:4)
  Terence (D:2)
  6 iguanas
  11 worker ants
  A killer bee zombie (D:5)
  An ogre zombie (Ossuary)
  A hound zombie (D:5)
  4 hound skeletons
  6 mummies (Ossuary)
  4 gnolls (D:7)
  18 adders
  5 shadow imps
  4 white imps
  2 ufetubi (D:8)
  2 oozes
  3 adder zombies (Ossuary)
  An adder skeleton (D:5)
  3 dart slugs
  A leopard gecko (D:6)
  53 orcs
  A ball python (D:7)
  4 giant cockroaches
  2 gnoll zombies (Ossuary)
  11 goblins
  9 hobgoblins
  4 jackals (D:3)
  4 quokkas
  2 bats (D:3)
  6 frilled lizards
  5 goblin zombies (Ossuary)
  4 hobgoblin zombies (Ossuary)
  5 kobolds
  7 kobold zombies (Ossuary)
  A quokka skeleton (D:4)
  2 quokka zombies (Ossuary)
  9 rats
  2 rat zombies (Ossuary)
302 creatures vanquished.

Vanquished Creatures (others)
  An orc warrior (D:7)
  An orc (D:7)
  39 fungi (D:10)
  42 plants (D:10)
83 creatures vanquished.

Grand Total: 385 creatures vanquished

Notes
Turn   | Place    | Note
-------+----------+-------------------------------------------
     0 | D:1      | Misha the Merfolk Gladiator began the quest for the Orb.
     0 | D:1      | Reached XP level 1. HP: 16/16 MP: 1/1
   259 | D:1      | Reached XP level 2. HP: 22/23 MP: 2/2
   400 | D:1      | Reached skill level 5 in Polearms
   714 | D:2      | Found a hide-covered altar of Uskayaw.
   774 | D:2      | Reached XP level 3. HP: 26/28 MP: 3/3
   923 | D:2      | You fall into a shaft and drop 2 floors!
   923 | D:4      | Found Moladil's Magic Scroll Shoppe.
  1214 | D:3      | Reached XP level 4. HP: 33/34 MP: 4/4
  1240 | D:3      | Reached skill level 6 in Polearms
  1396 | D:2      | Noticed Terence
  1409 | D:2      | Killed Terence
  1739 | D:3      | Reached skill level 1 in Armour
  1739 | D:3      | Reached XP level 5. HP: 25/39 MP: 5/5
  2081 | D:3      | Found an iron altar of Okawaru.
  2107 | D:3      | Became a worshipper of Warmaster Okawaru
  2171 | D:3      | Found an ancient bone altar of Kikubaaqudgha.
  2171 | D:3      | Found a white marble altar of Elyvilon.
  2347 | D:4      | Noticed Grinder
  2350 | D:4      | Gained mutation: You are clumsy. (Dex -2) [potion of
                  | mutation]
  2350 | D:4      | Gained mutation: You have a pair of small horns on your
                  | head. [potion of mutation]
  2367 | D:4      | Paralysed by Grinder for 3 turns
  2371 | D:4      | Killed Grinder
  2371 | D:4      | Reached skill level 1 in Shields
  2371 | D:4      | Reached skill level 1 in Invocations
  2371 | D:4      | Reached XP level 6. HP: 38/47 MP: 5/7
  2394 | D:4      | Reached * piety under Okawaru
  2610 | D:4      | Reached skill level 7 in Polearms
  2618 | D:4      | Reached skill level 5 in Dodging
  2618 | D:4      | Reached XP level 7. HP: 25/52 MP: 8/8
  3432 | D:4      | Noticed Ijyb
  3465 | D:4      | HP: 2/52 [Ijyb/puff of flame (14)]
  3466 | D:4      | Killed Ijyb
  3815 | D:4      | Reached skill level 8 in Polearms
  3894 | D:4      | Reached XP level 8. HP: 12/58 MP: 10/10
  4167 | D:4      | Reached ** piety under Okawaru
  4397 | D:5      | Entered Level 5 of the Dungeon
  4591 | D:5      | Found a hazy altar of Hepliaklqana.
  4641 | D:5      | Noticed Sigmund
  4681 | D:5      | Killed Sigmund
  4915 | D:5      | Noticed Pikel
  4951 | D:5      | Killed Pikel
  4951 | D:5      | Reached *** piety under Okawaru
  4951 | D:5      | Reached skill level 9 in Polearms
  4951 | D:5      | Reached XP level 9. HP: 32/65 MP: 10/12
  5221 | D:5      | Reached skill level 5 in Invocations
  5712 | D:5      | Found Zupir's Distillery.
  5716 | D:5      | Bought a potion of degeneration for 14 gold pieces
  6014 | D:5      | Found a runed translucent door.
  6015 | D:5      | Noticed Crazy Yiuf
  6025 | D:5      | Killed Crazy Yiuf
  6190 | D:6      | Found Danoshroph's Jewellery Boutique.
  6197 | D:6      | Reached skill level 10 in Polearms
  6307 | D:6      | Found a burning altar of Makhleb.
  6359 | D:6      | Found a shimmering altar of Xom.
  6360 | D:6      | Found a burning altar of Makhleb.
  6515 | D:6      | Found a staircase to the Ecumenical Temple.
  6539 | Temple   | Entered the Ecumenical Temple
  6771 | D:7      | HP: 2/66 [white imp/puff of frost (8)]
  7056 | D:7      | Found Labaorunu's Weapon Shop.
  7097 | D:7      | Found a sand-covered staircase.
  7103 | Ossuary  | Entered an ossuary
  7115 | Ossuary  | Reached skill level 5 in Shields
  7259 | Ossuary  | Noticed Menkaure
  7292 | Ossuary  | Killed Menkaure
  7808 | D:7      | Found a shadowy altar of Dithmenos.
  7868 | D:7      | Reached XP level 10. HP: 73/73 MP: 14/14
  7969 | D:7      | Reached **** piety under Okawaru
  7969 | D:7      | Reached skill level 5 in Stealth
  8038 | D:7      | Reached skill level 5 in Fighting
  8038 | D:7      | Reached skill level 11 in Polearms
  9126 | D:8      | Found a blossoming altar of Fedhas.
  9138 | D:8      | Found an opulent altar of Gozag.
  9162 | D:8      | Found a radiant altar of Vehumet.
  9206 | D:8      | Noticed a gargoyle
  9227 | D:8      | Killed a gargoyle
  9298 | D:8      | Identified the cursed +1 hand axe "Foostod" {flame, rPois
                  | rN++ Int+2 Dex-4}
  9298 | D:8      | Noticed a centaur warrior
  9312 | D:8      | Killed a centaur warrior
  9312 | D:8      | Reached ***** piety under Okawaru
  9312 | D:8      | Received a gift from Okawaru
  9312 | D:8      | Reached skill level 12 in Polearms
  9611 | D:4      | Bought a scroll of acquirement for 520 gold pieces
  9611 | D:4      | Acquired a manual of Shields
  9784 | D:8      | Reached XP level 11. HP: 56/81 MP: 16/16
  9991 | D:8      | Found the ring of the Octopus King
 10001 | D:8      | Got a ring of the Octopus King
 10003 | D:8      | Identified a ring of the Octopus King {rF+ AC+1 EV+1 Str+1
                  | Int+1 Dex+1} (You found it on level 8 of the Dungeon)
 10159 | D:8      | Found a basalt altar of Yredelemnul.
 10340 | D:9      | Found a staircase to the Orcish Mines.
 10619 | D:9      | Found Qitru's General Store.
 11013 | D:10     | Entered Level 10 of the Dungeon
 11518 | D:10     | Noticed Maurice
 11529 | D:10     | Noticed Snorg
 11548 | D:10     | HP: 4/83 [Snorg (13)]
 11549 | D:10     | Mangled by Snorg

Illustrated notes

Levels and vault maps discovered:
D:1:      erik_arrival_triangle_large, layout_rooms
D:2:      layout_basic, eat_drink_and_be_merry_uskayaw, uniq_terence
D:3:      layout_rooms, amethyst_overflow_temple_binary, old_standard_altar
D:4:      layout_basic, serial_shops, shop, uniq_grinder, uniq_ijyb
D:5:      layout_basic, kennysheep_mini_moat, serial_shops, shop,
          grunt_ministairs_12, uniq_sigmund, uniq_pikel, uniq_crazy_yiuf_cottage
D:6:      layout_cave_pools, grunt_temple_overflow_champion_of_chaos,
          minmay_temple_entry_statues_fountains, serial_shops, shop,
          kennysheep_another_room, bloody_makhleb
D:7:      kennysheep_six_static_rooms, layout_basic, serial_shops,
          kennysheep_mini, nicolae_ossuary_entry_plus,
          minmay_misc_feat_diagonals, nicolae_dithmenos_through_a_glass_darkly
D:8:      minmay_the_grid_square_5x5_3x3 [minmay_the_grid_square_5x5_shuriken,
          minmay_the_grid_square_5x5_mess,
          minmay_the_grid_square_5x5_half_checkered,
          minmay_the_grid_square_5x5_minimal,
          minmay_the_grid_square_5x5_megaprize_open,
          minmay_the_grid_square_5x5_inner_z, minmay_the_grid_square_5x5_comb,
          minmay_the_grid_square_5x5_hourglass,
          minmay_the_grid_square_5x5_sharp_hourglass], layout_rooms,
          lemuel_crystal_altar, nicolae_overflow_hidden_temple, basic_altar,
          nicolae_gozag_seed_capital
D:9:      layout_loops_ring, erik_orc_3, serial_shops,
          nicolae_shop_temple_entry_statues_fountains, kennysheep_generic_room_5
D:10:     layout_cave_pods, due_lair_maze_entry_diamond, uniq_maurice,
          uniq_snorg
Temple:   cyrus_circular_temple

Skill      XL: |  1  2  3  4  5  6  7  8  9 10 11 |
---------------+----------------------------------+-----
Polearms       | 5 6 7 8 9 10 12 | 12.9
Stealth        | 2 3 4 5 |  5.7
Armour         | 1 2 3 4 |  4.0
Fighting       | 3 4 6 |  6.4
Shields        | 1 2 4 5 6 7 |  7.7
Invocations    | 1 2 4 6 7 8 |  8.0
Dodging        | 5 6 7 |  7.8
Throwing       | |  2.7

Action                   |  1- 3 |  4- 6 |  7- 9 | 10-12 || total
-------------------------+-------+-------+-------+-------++-------
Melee: Trident           |   121 |   134 |   619 |   540 ||  1414
       Headbutt          |       |    11 |    90 |   109 ||   210
Throw: Throwing net      |       |     1 |     2 |       ||     3
       Dart              |       |     6 |     5 |       ||    11
       Boomerang         |       |     1 |       |       ||     1
Invok: Heroism           |       |       |     1 |     3 ||     4
Evoke: Wand              |       |       |     1 |     4 ||     5
  Use: Scroll            |     4 |     2 |     2 |     4 ||    12
       Potion            |       |     5 |     3 |     3 ||    11
 Stab: Sleeping          |     3 |     3 |    29 |     9 ||    44
       Held in net/web   |       |     3 |       |       ||     3
       Distracted        |       |       |     1 |     2 ||     3
Armor: Leather armour    |     2 |       |       |       ||     2
       Ring mail         |    30 |    50 |    85 |    37 ||   202
       Troll leather arm |       |       |       |    20 ||    20
Dodge: Dodged            |    52 |    50 |   121 |   142 ||   365
Block: Kite shield       |    22 |    60 |   262 |   315 ||   659
       Reflection        |       |       |     2 |    12 ||    14

Table legend: (Time is in decaauts)
 A = Elapsed time spent in this place.
 B = Non-inter-level travel time spent in this place.
 C = Inter-level travel time spent in this place.
 D = Time resting spent in this place.
 E = Time spent auto-exploring this place.
 F = Levels seen in this place.
 G = Mean time per level.
                   A        B        C        D        E       F      G
               +--------+--------+--------+--------+--------+-----+--------+
         Total |  11394 |  10891 |    503 |   3126 |   4970 |  12 |  949.5 |
       Dungeon |  10632 |  10140 |    492 |   2883 |   4729 |  10 | 1063.2 |
        Temple |    106 |     95 |     11 |      0 |     94 |   1 |  106.0 |
       Ossuary |    656 |    656 |      0 |    243 |    147 |   1 |  656.0 |
               +--------+--------+--------+--------+--------+-----+--------+

Top non-repeatable levels by time:
     D:4: 2125 daAuts
     D:5: 1704 daAuts
     D:7: 1404 daAuts
     D:8: 1230 daAuts
     D:3: 963 daAuts
     D:9: 732 daAuts
     D:2: 698 daAuts
     D:1: 695 daAuts
 Ossuary: 656 daAuts
     D:6: 582 daAuts
    D:10: 495 daAuts
  Temple: 106 daAuts
